 Dungeon Crawl Stone Soup version 0.30-a0-451-ge042605de7 (webtiles) character file.

Game seed: 4319394974981336553

93 kurumiz the Slasher (level 4, -2/29 HPs)
             Began as a Tengu Berserker on Dec 12, 2022.
             Was a Believer of Trog.
             Killed from afar by a steam dragon (15 damage)
             ... with a ball of steam
             ... on level 6 of the Dungeon.
             The game lasted 00:10:44 (1308 turns).

kurumiz the Slasher (Tengu Berserker)               Turns: 1308, Time: 00:10:44

Health: -2/29      AC:  3    Str: 19    XL:     4   Next: 61%
Magic:  5/5        EV: 12    Int:  7    God:    Trog [**....]
Gold:   80         SH:  0    Dex: 14    Spells: 3/3 levels left

rFire   . . .      SeeInvis .    a - +0 falchion
rCold   . . .      Faith    .    (no shield)
rNeg    . . .      Spirit   .    b - +0 animal skin
rPois   .          Reflect  .    (helmet restricted)
rElec   .          Harm     .    (no cloak)
rCorr   +          Rampage  .    d - +0 pair of gloves
Will    .....                    (boots unavailable)
Stlth   ++........               g - amulet of magic regeneration
HPRegen 0.24/turn                c - ring of resist corrosion
MPRegen 0.49/turn                (no ring)

@: no status effects
A: beak, talons 3
a: Renounce Religion, Berserk, Trog's Hand


You were on level 6 of the Dungeon.
You worshipped Trog.
Trog was pleased with you.
You visited 1 branch of the dungeon, and saw 6 of its levels.

You collected 80 gold pieces.

Inventory:

Hand Weapons
 a - a +0 falchion (weapon)
 e - a +0 club
 h - a +0 club
 j - a +0 short sword
 k - a +0 club
 l - a +0 quarterstaff
 n - a +0 spear
 o - a +0 whip
Armour
 b - a +0 animal skin (worn)
 d - a +0 pair of gloves (worn)
 f - a +0 robe
Jewellery
 c - a ring of resist corrosion (left hand)
 g - an amulet of magic regeneration (around neck)
Scrolls
 i - 2 scrolls of teleportation {unknown}
Potions
 m - a potion of flight


   Skills:
 + Level 3.8 Fighting
 + Level 4.5 Long Blades
 + Level 2.5 Armour
 + Level 2.6 Dodging
 + Level 0.9 Stealth


You had 3 spell levels left.
You didn't know any spells.
Your spell library was empty.

Dungeon Overview and Level Annotations

Branches:
Dungeon (6/15)
 Temple: D:4-7

Altars:

Annotations:
D:4 Grinder
D:5 Prince Ribbit


Innate Abilities, Weirdness & Mutations

You have a beak for a mouth.
You have claws for feet.


Message History

You open the door.
There is an open door here.
Found a spear.
You see here a +0 spear.
You see here a +0 spear.
n - a +0 spear A steam dragon and a gnoll come into view.
The steam dragon hisses angrily.
The gnoll shouts!
You hear a shout!
A gnoll comes into view. It is wielding a +0 whip.
A gnoll comes into view. It is wielding a +0 club.
The steam dragon moves out of view.
A gnoll is nearby!
A gnoll is nearby!
The gnoll barely misses you.
You hit the gnoll. Your kick misses the gnoll.
The gnoll is moderately wounded.
The gnoll closely misses you.
You hit the gnoll.
The gnoll is moderately wounded.
The gnoll barely misses you.
You hit the gnoll but do no damage. You claw the gnoll.
The gnoll is heavily wounded.
The gnoll closely misses you.
You slash the gnoll!
You kill the gnoll!
Trog accepts your kill.
Things that are here:
a +0 whip; a gnoll corpse
o - a +0 whip An orc wizard comes into view.
It is wielding a +0 dagger.
The steam dragon breathes steam at you. The ball of steam hits you!
The orc wizard shouts!
You hear a shout! x3
You see here a gnoll corpse.
The steam dragon breathes steam at you. The ball of steam hits you.
The steam dragon breathes steam at you. The ball of steam hits you!
Ouch! That really hurt!
You die...

#..# #.# + #..# #.# ##
#..# #.# .# #.. ... .#
#.####.# .# .####.#.##.#
######..#
.........#.#####.......#
........................
†.####...#.#####@###...##
.## ##.##.# #§# #..#.# ##
####.# #§# #...# # ##.##
#.# #..# ### #####...#
#.###..# ..# #.......#
#.D....# #.# #.###...#
#####D## #.# #.# #####
#§##### #.# #.# #§##.D


g There were no monsters in sight!

Vanquished Creatures
  A hound (D:6)
  A gnoll (D:6)
  4 adders
  2 endoplasms (D:2)
  3 goblins
  A hobgoblin (D:1)
  2 kobolds
  2 quokkas (D:2)
  2 ball pythons
  A bat (D:2)
  A frilled lizard (D:2)
20 creatures vanquished.

Notes
Turn   | Place    | Note
-------+----------+-------------------------------------------
     0 | D:1      | kurumiz the Tengu Berserker began the quest for the Orb.
     0 | D:1      | Reached XP level 1. HP: 14/14 MP: 2/2
   707 | D:1      | Found a faded altar of an unknown god.
   782 | D:2      | Reached XP level 2. HP: 19/19 MP: 3/3
   897 | D:2      | Reached XP level 3. HP: 22/23 MP: 4/4
   956 | D:2      | Reached skill level 4 in Long Blades
   962 | D:2      | Reached ** piety under Trog
  1067 | D:4      | Noticed Grinder
  1075 | D:5      | Entered Level 5 of the Dungeon
  1078 | D:5      | Noticed Prince Ribbit
  1079 | D:5      | HP: 1/23 [poisoned by an adder]
  1193 | D:6      | Reached XP level 4. HP: 20/29 MP: 5/5
  1274 | D:6      | Noticed a steam dragon
  1308 | D:6      | Killed from afar by a steam dragon

Illustrated notes

Levels and vault maps discovered:
D:1:      dpeg_arrival_rooms_c, layout_basic,
          hellmonk_ecumenical_altar_prayer_group, serial_park_tiny_2
D:2:      layout_loops_cross, basic_altar
D:3:      layout_loops_ring, wander_ebering_terrifying_dragon_lair
D:4:      layout_basic, minitemple, riverfiend_overflow_shadow_ancestor,
          serial_shops, shop, uniq_grinder
D:5:      layout_cave_pools, serial_undead, serial_undead_f, serial_undead_b,
          serial_undead_f, serial_undead_e, serial_undead_f,
          minmay_misc_feat_iff, grunt_ministairs_15, hangedman_minor_gate_pass,
          uniq_prince_ribbit1, uniq_crazy_yiuf_cottage
D:6:      corexii_shack_village, layout_loops_corners, temple_hall,
          ebering_ghost_reflecting_pool, serial_shops, kennysheep_little_box

Skill      XL: |  1  2  3 |
---------------+----------+-----
Long Blades    | 4 |  4.5
Fighting       | |  3.8
Armour         | |  2.5
Dodging        | |  2.6
Stealth        | |  0.9

Action                   |  1- 3 |  4- 6 || total
-------------------------+-------+-------++-------
Melee: Falchion          |    44 |     4 ||    48
       Peck              |     6 |       ||     6
       Kick              |     8 |     1 ||     9
       Punch             |     1 |       ||     1
  Use: Potion            |     2 |       ||     2
 Stab: Sleeping          |     1 |       ||     1
       Distracted        |     1 |       ||     1
Armor: Animal skin       |    12 |       ||    12
Dodge: Dodged            |    30 |     4 ||    34

Table legend: (Time is in decaauts)
 A = Elapsed time spent in this place.
 B = Non-inter-level travel time spent in this place.
 C = Inter-level travel time spent in this place.
 D = Time resting spent in this place.
 E = Time spent auto-exploring this place.
 F = Levels seen in this place.
 G = Mean time per level.
                   A        B        C        D        E       F      G
               +--------+--------+--------+--------+--------+-----+--------+
         Total |   1310 |    463 |    847 |    100 |      0 |   6 |  218.3 |
       Dungeon |   1310 |    463 |    847 |    100 |      0 |   6 |  218.3 |
               +--------+--------+--------+--------+--------+-----+--------+

Top non-repeatable levels by time:
     D:1: 776 daAuts
     D:2: 244 daAuts
     D:6: 229 daAuts
     D:3: 46 daAuts
     D:4: 7 daAuts
     D:5: 4 daAuts
